 Dungeon Crawl Stone Soup version 0.23.2-40-g277498a001 (webtiles) character file.

Game seed: 12813398550232149438

135 Destructed3 the Ducker (level 4, -1/40 HPs)
             Began as a Draconian Gladiator on Oct 22, 2019.
             Slain by Grinder (6 damage)
             ... on level 3 of the Dungeon.
             The game lasted 00:08:58 (1284 turns).

Destructed3 the Ducker (Draconian Gladiator)        Turns: 1284, Time: 00:08:59

Health: -1/40      AC:  6    Str: 16    XL:     4   Next: 96%
Magic:  4/4        EV: 14    Int:  8    God:
Gold:   56         SH:  0    Dex: 14    Spells: 3/3 levels left

rFire    . . .     SeeInvis .   a - +0 quarterstaff
rCold    . . .     Gourm    .   (shield currently unavailable)
rNeg     . . .     Faith    .   (armour unavailable)
rPois    .         Spirit   .   b - +0 hat
rElec    .         Reflect  .   (no cloak)
rCorr    .         Harm     .   (no gloves)
MR       .....                  o - +0 pair of boots
Stlth    +.........             (no amulet)
HPRegen  0.13/turn              (no ring)
MPRegen  0.09/turn              (no ring)

@: hasted, very quick
A: unfitting armour, cold-blooded, AC +5
a: no special abilities


You were on level 3 of the Dungeon.
You were hungry.

You visited 1 branch of the dungeon, and saw 3 of its levels.

You collected 56 gold pieces.

Inventory:

Hand Weapons
 a - a +0 quarterstaff (weapon)
 g - a +0 hunting sling
Missiles
 c - 3 throwing nets (quivered)
 h - 61 stones
Armour
 b - a +0 hat (worn)
 l - a +0 large shield
 o - a +0 pair of boots (worn)
 r - a +0 cloak
Jewellery
 q - an uncursed amulet of rage
Scrolls
 f - a scroll of teleportation
 j - a scroll of noise {unknown}
 n - a scroll of magic mapping {unknown}
 s - 2 scrolls of remove curse {unknown}
Potions
 e - a potion of cancellation
 i - a potion of curing
 k - a potion of mutation
 p - a potion of haste
 t - a potion of brilliance
Comestibles
 d - 3 rations
 m - 2 chunks of flesh


   Skills:
 * Level 4.1 Fighting
 - Level 3.0 Staves
 - Level 1.7 Throwing
 + Level 4.1 Dodging
 + Level 0.5 Stealth


You had 3 spell levels left.
You didn't know any spells.
Your spell library was empty.

Dungeon Overview and Level Annotations

Branches:
Dungeon (3/15)

Altars:

Annotations:
D:3 Grinder


Innate Abilities, Weirdness & Mutations

Your plain brown scales are hard. (AC +5)
You cannot fit into any form of body armour.
You are cold-blooded and may be slowed by cold attacks.


Message History

Grinder gestures at you.
You barely resist. You hit Grinder.
You tail-slap Grinder, but do no damage.
Grinder is severely wounded.
Grinder says, "What is the universe for?"
Grinder barely misses you. The worm bites you but does no damage.
Grinder gestures at you.
You barely resist. You hit the worm.
The worm is moderately wounded.
You thump Grinder!
Grinder is almost dead.
Grinder hits you but does no damage.
You hit Grinder but do no damage.
Grinder is almost dead.
Grinder hits you!
* * * LOW HITPOINT WARNING * * *
You writhe in agony.
You die...

.............#.......###
##..##.####........#>..# ##
...###......###....#รท<.#..#
.#####...#......####......#
#......##...#### #....####
..#######...[.#####....# #
#....###..#.......#
######.#### #)#.#####..#
##.....# ####..@#### #...#
...##### #....w5.(.# ##.#
..##### #.........# .#
#.....# #.........#
#####.... #.........#
#^......[....# ##.........#
#.######### ...


You could see Grinder and a worm.

Vanquished Creatures
  Terence (D:3)
  3 adders
  An ooze (D:1)
  A worm (D:3)
  2 dart slugs
  2 leopard geckos
  4 orcs (D:3)
  3 ball pythons
  9 bats
  2 giant cockroaches (D:2)
  2 goblins
  6 hobgoblins
  3 jackals (D:2)
  3 quokkas
  4 frilled lizards
  9 kobolds
  7 rats
62 creatures vanquished.

Notes
Turn   | Place    | Note
-------+----------+-------------------------------------------
     0 | D:1      | Destructed3 the Draconian Gladiator began the quest for the
                  | Orb.
     0 | D:1      | Reached XP level 1. HP: 17/17 MP: 1/1
    47 | D:1      | Reached XP level 2. HP: 19/25 MP: 2/2
   379 | D:1      | Reached XP level 3. HP: 30/31 MP: 3/3
   721 | D:2      | Reached XP level 4. HP: 31/38 MP: 4/4
  1189 | D:3      | Noticed Terence
  1212 | D:3      | Killed Terence
  1266 | D:3      | Noticed Grinder
  1284 | D:3      | Slain by Grinder

Skill      XL: |  1  2  3  4 |
---------------+-------------+-----
Dodging        | 3 4 |  4.1
Fighting       | 3 4 |  4.1
Staves         | |  3.0
Throwing       | |  1.7
Stealth        | |  0.5

Action                   |  1- 3 |  4- 6 || total
-------------------------+-------+-------++-------
Melee: Quarterstaff      |   100 |    78 ||   178
       Tailslap          |     5 |     8 ||    13
  Use: Scroll            |     1 |     5 ||     6
       Potion            |     1 |     1 ||     2
 Stab: Sleeping          |       |     1 ||     1
  Eat: Chunk             |       |     1 ||     1
Armor: Skin              |    28 |    31 ||    59
Dodge: Dodged            |    76 |    47 ||   123
